 Dungeon Crawl Stone Soup version 0.19-a0-1905-ge8b2aad (webtiles) character file.

18 Naow the Grave Robber (level 2, 0/22 HPs)
             Began as a Deep Dwarf Necromancer on Oct 21, 2016.
             Slain by a worm (4 damage)
             ... on level 2 of the Dungeon.
             The game lasted 00:01:56 (1079 turns).

Naow the Grave Robber (Deep Dwarf Necromancer)      Turns: 1079, Time: 00:01:56

Health: 0/22       AC:  2    Str: 11    XL:     2   Next: 48%
Magic:  0/4        EV: 12    Int: 15    God:
Gold:   126        SH:  0    Dex: 13    Spells: 1 memorised, 3 levels left

rFire  . . .     SeeInvis .     j - +0 hand axe
rCold  . . .     Gourm    .     a - +0 robe
rNeg   . . .     Faith    .     (no shield)
rPois  .         Spirit   .     (no helmet)
rElec  .         Reflect  .     (no cloak)
rCorr  .         Harm     .     (no gloves)
MR     .....                    (no boots)
Stlth  ++........               (no amulet)
                                (no ring)
                                (no ring)

@: non-regenerating
A: damage resistance, recharge devices, sense surroundings 1, slow regeneration
3
a: Device Recharging


You were on level 2 of the Dungeon.
You were not hungry.

You visited 1 branch of the dungeon, and saw 2 of its levels.

You collected 126 gold pieces.

Inventory:

Hand Weapons
 j - a +0 hand axe (weapon)
Missiles
 i - 5 needles of confusion
Armour
 a - a +0 robe (worn)
Wands
 c - a wand of heal wounds (4/9)
Scrolls
 h - 2 scrolls of identify {unknown}
 k - a scroll of teleportation {unknown}
 m - a scroll of amnesia {unknown}
 n - a scroll of immolation {unknown}
 o - a scroll of remove curse {unknown}
 p - a scroll of fog {unknown}
Potions
 e - a potion of lignification {unknown}
 f - a potion of degeneration {unknown}
 g - a potion of heal wounds {unknown}
 l - 2 potions of curing {unknown}
Books
 b - a book of Necromancy

   Spells                             Type                      Level
   a - Pain                           Necromancy                   1
   b - Animate Skeleton               Necromancy                   1
   c - Vampiric Draining              Necromancy                   3
   d - Regeneration                   Charms/Necromancy            3
   e - Animate Dead                   Necromancy                   4
   f - Control Undead                 Necromancy                   4
Comestibles
 d - a bread ration


   Skills:
 * Level 0.9 Axes
 + Level 2.2 Dodging
 - Level 2.4 Stealth
 + Level 1.7 Spellcasting
 + Level 5.0 Necromancy


You had 3 spell levels left.
You knew the following spells:

 Your Spells              Type           Power        Failure   Level  Hunger
a - Pain                  Necr           ###.         3%          1    ##.....


Dungeon Overview and Level Annotations

Branches:
Dungeon (2/15)

Altars:


Innate Abilities, Weirdness & Mutations

You are resistant to damage.
You can recharge devices by infusing magical energy.
You passively map a small area around you.
You do not regenerate.


Message History

You are too injured to fight recklessly!
You are too injured to fight recklessly!
You are too injured to fight recklessly!
You are too injured to fight recklessly!
You barely miss the worm.
The worm is almost dead.
The worm completely misses you.
Casting: Pain
Confirm with . or Enter, or press ? or * to list all spells.
Aiming: Pain
Press: ? - help, Shift-Dir - straight line, f/p - worm
Aim: a worm (almost dead, chance to defeat MR: 81%)
The worm barely resists.
You hit the worm but do no damage.
The worm is almost dead.
The worm closely misses you.
You barely miss the worm.
The worm is severely wounded.
The worm bites you.
You die...

, ##..... * .. , ,,
,.....# #. .#* **
**#.#.#* #.# .# #.#.##
#.#*.# #..#.# #.##.#
######.###. ####.#.[.
#.....## ##
#....#w#.####.####.###.
#. #..@#...##.# ##.#..
#. #.<#.##.##.# #..#.
#.##.###....#.## #....
#.#.## #......####.##(
#..## ##..........##.
#...## ##......#######.
####.###....#.## #.
##.#.##.##.# #.
##.###.##.# ##


You could see a worm.

Vanquished Creatures
  3 dart slugs (D:1)
  2 bats (D:1)
  A goblin (D:1)
  2 hobgoblins
  2 kobolds (D:1)
  A rat (D:1)
11 creatures vanquished.

Notes
Turn   | Place    | Note
-------+----------+-------------------------------------------
     0 | D:1      | Naow the Deep Dwarf Necromancer began the quest for the Orb.
     0 | D:1      | Reached XP level 1. HP: 15/15 MP: 3/3
   429 | D:1      | Reached XP level 2. HP: 2/22 MP: 1/4
   737 | D:1      | Reached skill level 5 in Necromancy
  1079 | D:2      | Slain by a worm

Vault maps used:
D:1:      erik_arrival_triangle_large
D:2:      okawaru_metal_pillars_1_2

Skill      XL: |  1  2 |
---------------+-------+-----
Necromancy     | 5 |  5.0
Axes           | |  0.9
Dodging        | |  2.2
Stealth        | |  2.4
Spellcasting   | |  1.7

Action                   || total
-------------------------++-------
Melee: Unarmed           ||    27
       Hand axe          ||    10
 Cast: Pain              ||    24
Evoke: Wand              ||     1
  Eat: Chunk             ||     1
Armor: Robe              ||     4
Dodge: Dodged            ||    28
